Map: At Eternity's Edge LE

Players

Markyjas

  • Race: Zerg Zerg
  • League: Platinum
  • Spawn Location: 5:00

NoTerransPls - Winner!

  • Race: Protoss Protoss
  • League: Platinum
  • Spawn Location: 11:00

VOD

Have the link to the VOD?

Description

Time

  • Played on: July 28, 2026, 9:17 p.m.
  • Length: 18:40
Show
View Real Time Build Order
Export as new Build Order

Markyjas Zerg 

Build Orders: Pool First 

Get SALT Encoding   

  8  0:00  Drone  
  9  0:11  Drone  
  10  0:17  Drone  
  11  0:22  Drone  
  12  0:33  Overlord  
  12  0:51  Drone x2  
  12  0:53  Drone  
  15  1:05  Spawning Pool  
  15  1:09  Drone  
  15  1:13  Drone  
  16  1:35  Drone  
  17  1:40  Hatchery  
  17  1:42  Drone  
  17  1:49  Overlord  
  17  1:53  Zergling x2  
  18  2:03  Queen  
  18  2:08  Zergling x2  
  21  2:31  Drone  
  21  2:32  Drone x2  
  24  2:42  Drone  
  25  2:44  Queen  
  27  2:57  Drone  
  28  3:05  Hatchery  
  28  3:06  Drone x3  
  28  3:11  Queen  
  32  3:25  Overlord x2  
  32  3:35  Extractor  
  32  3:36  Extractor  
  32  3:37  Drone x2  
  32  3:42  Roach Warren  
  27  4:04  Drone  
  27  4:05  Drone x8  
  35  4:18  Drone  
  35  4:19  Drone  
  37  4:27  Drone  
  37  4:31  Drone  
  38  4:43  Drone x3  
  38  4:44  Drone x2  
  39  5:05  Drone x5  
  39  5:06  Drone  
  38  5:16  Drone x4  
  42  5:25  Drone x2  
  42  5:26  Drone x2  
  46  5:28  Drone  
  46  5:29  Drone x2  
  46  5:33  Lair  
  46  5:35  Spore Crawler  
  47  5:41  Drone x2  
  47  5:42  Drone  
  45  5:46  Spore Crawler  
  41  5:58  Spore Crawler  
  41  6:03  Drone x4  
  41  6:04  Drone x7  
  49  6:26  Evolution Chamber x2  
  40  6:42  Drone x6  
  46  6:55  Spore Crawler, Spire  
  46  6:59  Extractor  
  43  7:02  Extractor  
  42  7:10  Overseer  
  42  7:16  Hatchery  
  42  7:17  Drone x7  
  42  7:18  Drone x3  
  42  7:19  Overlord x4  
  51  7:35  Infestation Pit  
  51  7:36  Zerg Ground Armor Level 1  
  50  7:37  Zerg Melee Weapons Level 1  
  50  7:41  Drone x2  
  52  7:46  Metabolic Boost  
  52  7:51  Spore Crawler  
  51  7:53  Extractor  
  51  7:57  Extractor  
  49  8:10  Drone x2  
  49  8:11  Drone x4  
  55  8:14  Overlord  
  55  8:19  Hatchery  
  54  8:26  Hive  
  54  8:30  Mutalisk x2  
  58  8:36  Drone x2  
  60  8:43  Queen  
  60  8:46  Drone x2  
  64  8:56  Drone  
  64  8:57  Drone x5  
  70  9:04  Roach x2, Zergling x2  
  72  9:15  Zergling x8  
  76  9:23  Roach x3  
  80  9:32  Roach  
  80  9:33  Roach x2  
  80  9:35  Overlord x2  
  79  9:50  Roach  
  79  9:51  Roach  
  79  9:52  Overlord  
  64  10:14  Zergling x6  
  64  10:15  Zergling x6, Roach x3  
  68  10:22  Roach  
  70  10:29  Roach x2  
  74  10:37  Roach  
  74  10:38  Roach x2  
  80  10:44  Zerg Melee Weapons Level 2  
  80  10:46  Zerg Ground Armor Level 2  
  80  10:49  Adrenal Glands  
  80  10:55  Roach x4  
  80  10:56  Roach, Zergling x6, Ultralisk Cavern  
  92  10:57  Overlord x2  
  92  11:19  Queen  
  92  11:20  Drone x4  
  92  11:22  Hatchery, Roach x2  
  101  11:27  Zergling x4  
  90  12:02  Queen  
  84  12:14  Zergling x4  
  84  12:15  Zergling x8, Roach x4  
  87  12:17  Ultralisk x2  
  86  12:42  Drone x2  
  86  12:43  Drone x5  
  90  12:51  Queen  
  91  12:57  Queen  
  87  13:29  Drone x4  
  87  13:30  Drone x2  
  87  13:31  Ultralisk  
  97  13:52  Mutalisk  
  97  13:53  Mutalisk x4  
  87  14:16  Zergling x14  
  87  14:17  Zergling x4  
  66  14:27  Drone  
  66  14:28  Drone x2  
  67  14:44  Queen  
  63  14:52  Corruptor x3  
  53  14:53  Corruptor x3  
  58  15:00  Zergling x6  
  60  15:10  Spore Crawler  
  60  15:14  Drone x3  
  56  15:41  Drone  
  56  15:42  Drone x5  
  62  15:52  Ultralisk  
  68  15:58  Chitinous Plating  
  68  16:15  Ultralisk  
  74  16:30  Hatchery  
  73  16:45  Ultralisk x2  
  73  16:46  Zergling x4  
  87  16:51  Drone x2  
  79  17:37  Queen  
  75  18:03  Ultralisk Cavern  
  74  18:15  Drone x5  
  55  18:35  Hatchery  
Show
View Real Time Build Order
Export as new Build Order

NoTerransPls Protoss - Winner!

Build Orders:  

Get SALT Encoding   

  8  0:03  Probe  
  9  0:15  Probe  
  10  0:27  Probe  
  11  0:39  Probe  
  12  0:43  Pylon  
  12  0:51  Probe (Chrono Boost)  
  13  1:03  Probe (Chrono Boost)  
  14  1:06  Gateway  
  15  1:12  Probe (Chrono Boost), Assimilator  
  15  1:17  Probe  
  16  1:29  Probe  
  17  1:41  Probe  
  18  1:54  Probe  
  19  1:56  Zealot  
  19  1:58  Cybernetics Core  
  19  2:00  Pylon  
  21  2:09  Gateway  
  21  2:18  Probe  
  21  2:31  Nexus  
  21  2:36  Adept  
  23  2:45  Assimilator, Probe  
  23  2:49  Warp Gate  
  24  2:56  Adept  
  26  2:58  Probe  
  27  3:05  Pylon  
  27  3:13  Adept  
  29  3:23  Probe  
  30  3:35  Probe  
  31  3:41  Pylon  
  31  3:47  Stargate  
  31  3:48  Probe x2 (Chrono Boost)  
  33  3:57  Probe (Chrono Boost)  
  33  3:58  Probe (Chrono Boost)  
  35  4:12  Probe  
  35  4:13  Probe  
  37  4:24  Probe  
  37  4:25  Probe  
  39  4:32  Oracle (Chrono Boost)  
  39  4:34  Nexus  
  39  4:36  Pylon  
  40  5:10  Oracle (Chrono Boost)  
  40  5:12  Probe  
  40  5:13  Probe  
  41  5:23  Gateway  
  41  5:24  Gateway, Probe  
  41  5:25  Probe  
  41  5:27  Forge  
  43  5:30  Twilight Council  
  43  5:32  Pylon  
  43  5:37  Probe x2  
  45  5:49  Probe x2  
  47  5:54  Probe (Chrono Boost)  
  47  5:57  Oracle, Protoss Ground Weapons Level 1 (Chrono Boost)  
  51  6:00  Assimilator  
  51  6:01  Probe x2 (Chrono Boost)  
  53  6:07  Probe (Chrono Boost)  
  53  6:10  Probe x2 (Chrono Boost), Blink  
  56  6:12  Probe (Chrono Boost)  
  56  6:14  Photon Cannon  
  56  6:15  Probe x2 (Chrono Boost)  
  56  6:17  Shield Battery  
  59  6:19  Photon Cannon  
  59  6:21  Probe  
  60  6:27  Probe x2  
  62  6:39  Probe x2  
  65  6:40  Probe, Stalker x2  
  65  6:43  Assimilator  
  65  6:47  Stalker x2  
  71  6:51  Probe x2  
  71  6:52  Probe  
  76  6:55  Photon Cannon  
  76  6:57  Shield Battery  
  76  7:00  Photon Cannon  
  76  7:03  Probe  
  76  7:04  Probe  
  78  7:17  Phoenix  
  78  7:20  Fleet Beacon  
  81  7:22  Probe  
  81  7:23  Probe x2  
  83  7:31  Stalker x2  
  83  7:35  Nexus  
  87  7:38  Pylon  
  87  7:42  Pylon  
  87  7:43  Pylon  
  87  7:44  Pylon  
  87  7:45  Protoss Ground Weapons Level 2 (Chrono Boost)  
  87  7:56  Probe x2  
  89  8:10  Gateway  
  89  8:12  Gateway x2  
  89  8:15  Gateway  
  89  8:16  Gateway, Shield Battery  
  89  8:17  Gateway  
  89  8:19  Photon Cannon  
  89  8:23  Zealot x2  
  89  8:24  Zealot x2, Photon Cannon  
  97  8:28  Pylon  
  97  8:30  Pylon, Phoenix  
  97  8:32  Charge  
  99  8:39  Probe x3  
  102  8:43  Templar Archives  
  102  8:44  Gateway  
  102  8:46  Photon Cannon  
  102  8:53  Photon Cannon  
  102  8:58  Probe  
  102  8:59  Probe x3  
  106  9:06  Zealot  
  106  9:07  Zealot x3  
  114  9:13  Pylon  
  114  9:16  Anion Pulse-Crystals (Chrono Boost), Phoenix (Chrono Boost)  
  116  9:32  Psionic Storm, Phoenix  
  116  9:33  Gateway  
  116  9:36  Assimilator  
  116  9:37  Probe x3  
  121  9:38  Assimilator  
  121  9:42  Zealot x4  
  127  10:04  Protoss Ground Weapons Level 3 (Chrono Boost)  
  123  10:21  Probe x4  
  125  10:44  Protoss Air Weapons Level 1 (Chrono Boost)  
  125  10:45  Forge, Photon Cannon  
  125  10:52  Assimilator  
  125  10:53  Assimilator  
  125  11:00  Robotics Facility  
  125  11:03  Shield Battery x2  
  125  11:05  Shield Battery  
  125  11:06  Photon Cannon  
  125  11:07  Photon Cannon  
  125  11:09  Photon Cannon  
  125  11:12  Pylon  
  125  11:18  Protoss Shields Level 1 (Chrono Boost)  
  125  11:19  Zealot x9  
  143  11:36  Nexus  
  143  11:39  Assimilator  
  143  11:40  Assimilator  
  143  11:42  Pylon  
  131  12:02  Phoenix  
  127  12:14  Immortal (Chrono Boost)  
  125  12:22  Robotics Facility, Pylon  
  119  12:23  Protoss Ground Armor Level 1 (Chrono Boost)  
  113  12:42  Protoss Air Armor Level 1 (Chrono Boost)  
  107  12:46  Immortal (Chrono Boost)  
  105  13:00  Zealot x4  
  105  13:01  Zealot x3  
  105  13:02  Zealot x3  
  125  13:10  Immortal (Chrono Boost)  
  127  13:13  Carrier  
  127  13:16  Stargate  
  127  13:17  Protoss Shields Level 2 (Chrono Boost)  
  127  13:19  Stargate, Immortal (Chrono Boost)  
  117  13:28  Dark Shrine  
  117  13:29  Pylon  
  112  13:34  Immortal (Chrono Boost)  
  112  13:36  High Templar x4  
  112  13:39  Zealot x3  
  112  13:40  Zealot x3  
  134  13:45  Immortal  
  129  13:55  Zealot  
  119  14:03  Zealot  
  119  14:04  Zealot x3  
  127  14:12  Immortal  
  131  14:24  Immortal (Chrono Boost)  
  131  14:26  Nexus  
  135  14:32  Nexus  
  135  14:35  Pylon  
  125  14:54  Immortal (Chrono Boost)  
  129  15:01  Immortal (Chrono Boost), Dark Templar x3  
  129  15:02  Dark Templar x3  
  129  15:03  Dark Templar x2  
  129  15:05  Archon  
  129  15:06  Archon x2  
  147  15:07  Archon  
  147  15:15  Pylon  
  147  15:19  Pylon  
  147  15:23  Carrier (Chrono Boost)  
  147  15:24  Carrier (Chrono Boost)  
  147  15:25  Protoss Ground Armor Level 2 (Chrono Boost)  
  159  15:35  Gateway x2  
  159  15:43  Photon Cannon  
  159  15:47  Shield Battery  
  159  15:48  Shield Battery  
  159  15:51  Pylon  
  159  16:01  Protoss Air Weapons Level 2 (Chrono Boost)  
  159  16:04  Dark Templar x4  
  161  16:08  Archon  
  161  16:09  Archon, Protoss Shields Level 3 (Chrono Boost)  
  161  16:11  Zealot x3  
  169  16:12  Zealot x3  
  179  16:25  Tempest  
  179  16:26  Tempest  
  179  16:32  Photon Cannon  
  187  16:34  Photon Cannon  
  187  16:36  Photon Cannon  
  187  16:37  Photon Cannon x2  
  187  16:40  Photon Cannon  
  187  16:41  Photon Cannon  
  187  16:43  Zealot x3  
  193  16:48  Zealot  
  195  17:01  Zealot x2  
  199  17:15  Probe  
  188  17:50  Probe x5  
  189  18:02  Probe x5  
  186  18:12  Pylon  
  186  18:24  Shield Battery x2  
  186  18:26  Shield Battery  
  186  18:28  Pylon  
  186  18:31  Shield Battery  
  186  18:33  Shield Battery  
  180  18:34  Shield Battery  
  180  18:40  Pylon  
Tags
 
Add a new tag
Caveats
  • Supply blocks, unpowered buildings, or Contaminate may cause inaccurate times.
  • Supply counts are checked every 10 seconds.